 Dungeon Crawl Stone Soup version 0.21-b1-21-g86478ac (webtiles) character file.

51184 microfolk the Severer (level 14, -3/135 HPs)
             Began as a Hill Orc Monk on Jan 4, 2018.
             Was the Champion of Beogh.
             Killed by divine providence
             ... invoked by an orc priest
              (14 damage)
             ... on level 2 of the Orcish Mines.
             The game lasted 01:54:19 (23581 turns).

microfolk the Severer (Hill Orc Monk)              Turns: 23581, Time: 01:54:20

Health: -3/135     AC: 38    Str: 27    XL:     14   Next: 58%
Magic:  18/18      EV:  7    Int: 10    God:    Beogh [******]
Gold:   1623       SH:  0    Dex: 13    Spells: 13/13 levels left

rFire    + . .     SeeInvis .   o - +4 hand axe
rCold    + . .     Gourm    .   (no shield)
rNeg     . . .     Faith    .   I - +14 crystal plate armour "Iliygol" {Str+4}
rPois    +         Spirit   .   D - +1 hat {MR+}
rElec    +         Reflect  .   (no cloak)
rCorr    +         Harm     .   (no gloves)
MR       ++...                  (no boots)
Stlth    ..........             Q - amulet of Delo {RegenMP Str+4}
HPRegen  0.32/turn              U - +1 ring of evasion
MPRegen  0.41/turn              m - +3 ring of protection

@: about to teleport, resistant, heavily drained
A: walk on water
a: Smiting, Recall Orcish Followers, Give Item to Named Follower, Resurrection,
Renounce Religion


You were on level 2 of the Orcish Mines.
You worshipped Beogh.
Beogh was exalted by your worship.
You were not hungry.

You visited 3 branches of the dungeon, and saw 19 of its levels.

You collected 1623 gold pieces.

Inventory:

Hand Weapons
 o - a +4 hand axe (weapon)
 r - a +1 hunting sling
 G - a +0 war axe
 L - the +5 battleaxe "Orc's Foe" {flame, *Drain rPois rC- Int+9}
   (You found it on level 2 of the Lair of Beasts)

   It has been specially enchanted to burn those struck by it, causing extra
   injury to most foes and up to half again as much damage against particularly
   susceptible opponents.
   Big, fiery blades are also staple armaments of hydra-hunters.
   It affects your intelligence (+9).
   It makes you vulnerable to cold.
   It protects you from poison.
   It causes draining when unequipped.
 P - a cursed +0 flail
Missiles
 a - a throwing net (quivered)
 p - 146 sling bullets
Armour
 u - the +1 scale mail of Death Resistance {rElec Str+2 Dex+7 Slay-5}
   (You found it on level 4 of the Lair of Beasts)

   It affects your strength (+2).
   It affects your dexterity (+7).
   It affects your accuracy and damage with ranged weapons and melee attacks
   (-5).
   It insulates you from electricity.
 z - a +0 large shield
 D - a +1 hat of magic resistance (worn)
 I - the +14 crystal plate armour "Iliygol" (worn) {Str+4}
   (You found it on level 9 of the Dungeon)

   It affects your strength (+4).
 N - a +2 helmet
Jewellery
 d - an uncursed ring of resist corrosion
 e - an uncursed amulet of rage
 j - an uncursed ring of resist corrosion
 m - a +3 ring of protection (right hand)
 A - an uncursed ring of flight
 Q - the amulet of Delo (around neck) {RegenMP Str+4}
   (You found it on level 6 of the Lair of Beasts)

   [amulet of magic regeneration]

   It increases your magic regeneration.
   It affects your strength (+4).
 U - a +1 ring of evasion (left hand)
Wands
 h - a wand of paralysis (30)
 n - a wand of digging (18)
 x - a wand of iceblast (24)
 K - a wand of disintegration (11)
Scrolls
 f - 3 scrolls of magic mapping
 g - 2 scrolls of fog
 i - 3 scrolls of immolation
 l - 3 scrolls of enchant armour
 q - 4 scrolls of identify
 s - 5 scrolls of teleportation
 w - a scroll of enchant weapon
 y - 3 scrolls of fear
 H - 3 scrolls of remove curse
 T - a scroll of summoning
Potions
 b - 6 potions of curing
 k - 3 potions of resistance
 t - 5 potions of flight
 v - a potion of invisibility
 B - a potion of lignification
 C - 3 potions of brilliance
 E - a potion of might
 F - a potion of mutation
 M - a potion of haste
 O - a potion of magic
 S - a potion of degeneration {unknown}
Miscellaneous
 J - a phantom mirror
Comestibles
 c - 30 rations
 R - 2 chunks of flesh


   Skills:
 + Level 15.3(13.4) Fighting
 - Level 20.0(17.8) Axes
 - Level 5.0(3.5) Slings
 + Level 12.4(10.6) Armour
 - Level 2.4(1.0) Dodging
 - Level 1.5(0.2) Stealth
 - Level 6.0(4.4) Invocations


You had 13 spell levels left.
You didn't know any spells.

Dungeon Overview and Level Annotations

Branches:
Dungeon (11/15)            Temple (0/1) D:4            Lair (6/6) D:8
  Swamp (0/4) Lair:3        Snake (0/4) Lair:3          Orc (2/2) D:11
    Elf (0/3) Orc:2
  Slime: Lair:5-6

Altars:
Cheibriados
Fedhas
Kikubaaqudgha
Makhleb
Nemelex Xobeh
Ru
Sif Muna
Vehumet
Xom
Zin
The Shining One
Beogh

Shops:
Orc:2 =(

Annotations:
Lair:2 exclusion: 2 oklob plants
Lair:5 exclusion: oklob plant
Orc:2 Saint Roka


Message History

The ogre hits something with a giant club!
Saint Roka calls down the wrath of Beogh upon something.
Beogh smites you!
* * * LOW HITPOINT WARNING * * *
You feel protected.
Ugrim misses the orc high priest.
Hawl misses the ice devil.
The orc high priest closely misses Ugrim.
Your orc warrior hits the ice devil with a flail!!
The ice devil dies!
Your orc sorcerer casts a spell.
Ogrik hits the orc high priest with a dire flail!!
Saint Roka calls down the wrath of Beogh upon something.
Beogh smites you!
* * * LOW HITPOINT WARNING * * *
You swap places.
Hawl no longer looks unusually strong.
The orc priest invokes the aid of Beogh against you.
Beogh smites you!
You die...
Beogh appreciates the orc priest's killing of a heretic priest.

####.)O).####.....
....##8.8##..).....
.....#..o#..oo)...#
........).o3.....#
.......).oooo...#
#.....8.8oo...### # #.....O)oo###
..##...)ooo##... .......@........
......8.8)...... ###...).o..(####
#########'###########
..#...##.##[..#.ooo# ##
#.#o..##o##...#o##o#### ≈##
#.##)###o###'##o#oo.#.### ≈.##
#....#oooo......#...##..#
...######....#.##o##....#######..


You could see Saint Roka, an orc high priest, an ogre, an orc priest, 2 friendly
orc knights, the friendly Hawl the orc knight, the friendly Ogrik the orc
knight, the friendly Ugrim the orc knight, a friendly sun demon, a friendly orc
sorcerer, 11 friendly orc warriors and a friendly orc priest.

Vanquished Creatures
  A catoblepas (Lair:6)
  3 two-headed ogres
  Sonja (Lair:1)
  5 skeletal warriors (D:10)
  The ghost of KeeTraxx the Insei, a novice GnTm of Wu Jian (D:6)
  Pikel (D:6)
  An orc knight (Orc:2)
  3 orc sorcerers (Orc:2)
  An ugly thing (D:11)
  3 elephants (Lair:4)
  5 black mambas
  8 spiny frogs
  4 rime drakes
  A kobold demonologist (D:11)
  A komodo dragon (Lair:6)
  6 trolls
  6 polar bears (Lair:6)
  3 hippogriffs
  A raiju (Lair:6)
  2 blink frogs
  A wyvern (D:8)
  22 yaks
  A hungry ghost (D:7)
  A vampire (D:11)
  2 basilisks
  A steam dragon (Lair:6)
  3 swamp worms (Lair:3)
  3 porcupines
  8 wargs
  9 water moccasins
  6 hell hounds (Lair:6)
  2 swamp drakes (Lair:6)
  10 orc warriors
  A necrophage (D:9)
  2 sky beasts
  11 black bears
  An ice beast (D:8)
  12 ogres
  4 phantoms
  20 wolves
  4 centaurs
  10 crocodiles
  8 big kobolds
  8 bullfrogs
  Blork the orc (D:6)
  3 scorpions
  2 killer bees (D:9)
  2 electric eels (Lair:3)
  7 howler monkeys
  3 bullfrog zombies
  A quasit (D:9)
  5 crimson imps
  A jelly (D:10)
  6 orc priests
  2 hounds
  23 orc wizards
  2 centaur skeletons
  Crazy Yiuf (D:6)
  2 iguanas
  7 worker ants
  2 hell rats (Lair:3)
  A hound skeleton (D:8)
  2 worker ant zombies
  7 gnolls
  A howler monkey skeleton (D:3)
  7 adders
  5 river rats (Lair:3)
  A shadow imp (D:5)
  2 oozes
  An adder zombie (D:5)
  2 adder skeletons
  2 worms (D:2)
  3 dart slugs
  9 leopard geckos
  23 orcs
  8 bats
  8 giant cockroaches
  6 goblins
  11 hobgoblins
  7 jackals
  4 quokkas
  2 ball pythons
  6 frilled lizards
  9 kobolds
  2 leopard gecko zombies
  A quokka skeleton (D:5)
  A quokka zombie (D:5)
  6 rats
  7 fungi
  6 plants
427 creatures vanquished.

Vanquished Creatures (collateral kills)
  Gastronok (Lair:2)
  A fire dragon (Lair:6)
  4 hydras
  A lindwurm (Lair:6)
  An orc knight (Orc:2)
  An orc sorcerer (Orc:2)
  3 black mambas
  A torpor snail (Lair:6)
  8 spiny frogs
  A rime drake (Lair:3)
  4 komodo dragons
  4 polar bears
  Prince Ribbit (D:8)
  11 blink frogs
  2 raiju (Lair:6)
  3 hippogriffs
  A shadow (D:11)
  26 yaks
  A wyvern (Lair:3)
  A basilisk (Lair:3)
  A hungry ghost (D:10)
  6 wargs
  12 water moccasins
  3 swamp worms (Lair:3)
  8 hell hounds (Lair:6)
  A porcupine (Lair:3)
  7 orc warriors
  2 black bears (Lair:6)
  A necrophage (D:11)
  An ogre (Orc:2)
  11 wolves
  9 crocodiles
  3 big kobolds (D:11)
  A bullfrog (Lair:1)
  A wyvern zombie (D:11)
  A jelly (D:10)
  A scorpion (D:10)
  A killer bee (D:9)
  A howler monkey (D:10)
  2 crimson imps
  5 orc priests
  An orc wizard (D:7)
  An iguana (Lair:6)
  6 hell rats (Lair:6)
  2 worker ants (D:8)
  2 river rats (Lair:3)
  8 adders
  15 orcs
  A rat (Lair:3)
  17 fungi
  19 plants
226 creatures vanquished.

Vanquished Creatures (others)
  An ice beast (D:7)
  7 orc warriors
  2 slaves (D:7)
  A centaur (D:7)
  5 orc priests
  5 orc wizards
  28 orcs
  A jackal (D:5)
  4 fungi
  15 plants
69 creatures vanquished.

Grand Total: 722 creatures vanquished

Notes
Turn   | Place    | Note
-------+----------+-------------------------------------------
     0 | D:1      | microfolk the Hill Orc Monk began the quest for the Orb.
     0 | D:1      | Reached XP level 1. HP: 19/19 MP: 1/1
   141 | D:1      | Reached skill level 1 in Armour
   141 | D:1      | Reached XP level 2. HP: 18/27 MP: 2/2
   335 | D:1      | Reached XP level 3. HP: 23/33 MP: 3/3
  1637 | D:2      | Reached XP level 4. HP: 41/41 MP: 4/4
  1716 | D:2      | Reached skill level 5 in Axes
  2062 | D:2      | You fall through a shaft!
  2352 | D:3      | Reached skill level 1 in Slings
  2352 | D:3      | Reached XP level 5. HP: 12/47 MP: 5/5
  2359 | D:3      | HP: 2/47 [orc/dagger (1)]
  2368 | D:3      | HP: 2/47 [giant cockroach (2)]
  3170 | D:3      | Found a radiant altar of Vehumet.
  3325 | D:3      | Reached skill level 5 in Fighting
  3718 | D:3      | Reached XP level 6. HP: 51/56 MP: 6/6
  3804 | D:3      | Found a burning altar of Makhleb.
  4384 | D:4      | Noticed a phantom
  4621 | D:4      | Found an ancient bone altar of Kikubaaqudgha.
  4815 | D:4      | Reached skill level 6 in Axes
  4894 | D:4      | You fall through a shaft!
  4894 | D:5      | Entered Level 5 of the Dungeon
  5163 | D:4      | Found a staircase to the Ecumenical Temple.
  5251 | D:5      | Became a worshipper of Beogh the Brigand
  5251 | D:5      | Reached * piety under Beogh
  5251 | D:5      | Reached ** piety under Beogh
  5288 | D:4      | Killed a phantom
  5463 | D:5      | Noticed a sky beast
  5470 | D:5      | Reached XP level 7. HP: 60/61 MP: 7/7
  5481 | D:5      | Reached skill level 7 in Axes
  6232 | D:5      | Reached XP level 8. HP: 63/70 MP: 8/8
  6336 | D:5      | Reached skill level 8 in Axes
  7035 | D:6      | Found a runed door.
  7081 | D:6      | Noticed KeeTraxx's ghost (novice GnTm)
  7130 | D:6      | Noticed Crazy Yiuf
  7136 | D:6      | Killed Crazy Yiuf
  7188 | D:6      | Killed KeeTraxx's ghost
  7188 | D:6      | Reached skill level 9 in Axes
  7188 | D:6      | Reached skill level 5 in Armour
  7378 | D:6      | Reached XP level 9. HP: 79/79 MP: 9/9
  7666 | D:6      | Found a sparkling altar of Nemelex Xobeh.
  7722 | D:6      | Noticed Blork the orc
  7742 | D:6      | Killed Blork the orc
  7927 | D:6      | Reached *** piety under Beogh
  7927 | D:6      | Reached skill level 1 in Invocations
  8002 | D:6      | Reached skill level 5 in Slings
  8249 | D:6      | Found a deep blue altar of Sif Muna.
  8249 | D:6      | Found a snail-covered altar of Cheibriados.
  8629 | D:7      | Noticed Pikel
  8844 | D:6      | Killed Pikel
  8844 | D:6      | Reached skill level 10 in Axes
  9085 | D:7      | Reached XP level 10. HP: 91/91 MP: 13/13
  9420 | D:8      | Reached skill level 5 in Invocations
  9484 | D:8      | Noticed a two-headed ogre
  9806 | D:8      | Reached **** piety under Beogh
  9848 | D:8      | Reached skill level 11 in Axes
  9854 | D:8      | Found a staircase to the Lair.
 10737 | D:8      | Found a blossoming altar of Fedhas.
 10737 | D:8      | Found a glowing golden altar of the Shining One.
 10771 | D:8      | Noticed Prince Ribbit
 10788 | D:8      | Killed Prince Ribbit
 11406 | D:9      | Reached skill level 10 in Fighting
 11428 | D:9      | Found a sacrificial altar of Ru.
 11591 | D:9      | Got a smelly crystal plate armour
 11610 | D:9      | Identified the +14 crystal plate armour "Iliygol" {Str+4} (You found it on level 9 of the Dungeon)
 12044 | D:9      | Found a glowing silver altar of Zin.
 12130 | D:10     | Entered Level 10 of the Dungeon
 12142 | D:10     | Found a shimmering altar of Xom.
 12159 | D:10     | Reached skill level 12 in Axes
 12299 | D:10     | Reached XP level 11. HP: 98/100 MP: 15/15
 12405 | D:10     | Noticed a skeletal warrior
 12406 | D:10     | Noticed a skeletal warrior
 12406 | D:10     | Noticed a skeletal warrior
 12406 | D:10     | Noticed a skeletal warrior
 12407 | D:10     | Noticed a skeletal warrior
 12418 | D:10     | Killed a skeletal warrior
 12430 | D:10     | Killed a skeletal warrior
 12446 | D:10     | Killed a skeletal warrior
 12446 | D:10     | Reached skill level 13 in Axes
 12492 | D:10     | Killed a skeletal warrior
 12844 | D:10     | Reached ***** piety under Beogh
 13254 | D:10     | Killed a skeletal warrior
 13487 | D:11     | Noticed a six-headed hydra
 13501 | D:10     | Killed a six-headed hydra
 13995 | D:11     | Gained Ugrim as an ally
 14096 | D:11     | Reached skill level 14 in Axes
 14149 | D:11     | Got a smoking halberd
 14152 | D:11     | Identified the +7 halberd of the Pits of Slime {elec, Int-4 Dex+6} (You found it on level 11 of the Dungeon)
 14281 | D:11     | Reached skill level 10 in Armour
 14284 | D:11     | Noticed a purple ugly thing
 14296 | D:11     | Killed a purple ugly thing
 14365 | D:11     | Found a staircase to the Orcish Mines.
 14396 | D:11     | Gained Warrok as an ally
 14766 | Lair:1   | Entered Level 1 of the Lair of Beasts
 14766 | Lair:1   | Noticed Sonja
 14995 | D:8      | Reached XP level 12. HP: 68/110 MP: 16/16
 15187 | Lair:1   | Killed Sonja
 15521 | Lair:1   | Reached skill level 15 in Axes
 15531 | Lair:1   | Gained Hawl as an ally
 15659 | Lair:1   | Noticed an eight-headed hydra
 15666 | Lair:1   | Killed a seven-headed hydra
 16342 | Lair:2   | Noticed a seven-headed hydra
 16348 | Lair:2   | Killed a seven-headed hydra
 16460 | Lair:2   | Got a transparent battleaxe
 16461 | Lair:2   | Identified the +5 battleaxe "Orc's Foe" {flame, *Drain rPois rC- Int+9} (You found it on level 2 of the Lair of Beasts)
 16596 | Lair:2   | Noticed Gastronok
 16869 | Lair:2   | Killed Gastronok
 16941 | Lair:2   | Reached skill level 16 in Axes
 17502 | Lair:3   | Gained Agrik as an ally
 17640 | Lair:3   | Reached XP level 13. HP: 84/119 MP: 17/17
 17904 | Lair:3   | Reached ****** piety under Beogh
 17918 | Lair:3   | Reached skill level 17 in Axes
 18068 | Lair:3   | Found a staircase to the Snake Pit.
 18201 | Lair:3   | Gained Ogrik as an ally
 18484 | Lair:3   | Found a staircase to the Swamp.
 18820 | Lair:4   | Got a steaming scale mail
 18831 | Lair:4   | Identified the cursed +1 scale mail of Death Resistance {rElec Str+2 Dex+7 Slay-5} (You found it on level 4 of the Lair of Beasts)
 20256 | Lair:5   | Reached skill level 18 in Axes
 20580 | Lair:6   | Entered Level 6 of the Lair of Beasts
 21246 | Lair:6   | Reached skill level 19 in Axes
 21260 | Lair:6   | Reached XP level 14. HP: 118/132 MP: 18/18
 21357 | Lair:6   | Got a bound platinum amulet
 21360 | Lair:6   | Identified the amulet of Delo {RegenMP Str+4} (You found it on level 6 of the Lair of Beasts)
 22552 | Orc:1    | Entered Level 1 of the Orcish Mines
 22706 | Orc:2    | Entered Level 2 of the Orcish Mines
 22730 | Orc:2    | Reached skill level 20 in Axes
 22742 | Orc:2    | Reached skill level 15 in Fighting
 23096 | Orc:2    | Found a roughly hewn altar of Beogh.
 23186 | Orc:2    | Found Saqyela's Antique Weapon Emporium.
 23201 | Orc:2    | Found Oboirph's Jewellery Shoppe.
 23422 | Orc:2    | Found a staircase to the Elven Halls.
 23571 | Orc:2    | Noticed Saint Roka
 23581 | Orc:2    | Killed from afar by an orc priest

Skill      XL: |  1  2  3  4  5  6  7  8  9 10 11 12 13 14 |
---------------+-------------------------------------------+-----
Armour         | 1 2 3 4 5 7 8 10 11 12 | 12.4
Fighting       | 4 5 6 7 9 10 11 12 14 15 | 15.3
Axes           | 5 6 7 9 10 12 14 16 19 20 | 20.0
Slings         | 1 2 3 4 5 |  5.0
Invocations    | 4 6 |  6.0
Dodging        | |  2.4
Stealth        | |  1.5

Action                   |  1- 3 |  4- 6 |  7- 9 | 10-12 | 13-15 || total
-------------------------+-------+-------+-------+-------+-------++-------
Melee: Hand axe          |    98 |   287 |   421 |   153 |    31 ||   990
       Battleaxe         |       |       |       |   414 |   402 ||   816
 Fire: Hunting sling     |       |     6 |    13 |     7 |       ||    26
Throw: Stone             |     3 |       |       |       |       ||     3
Invok: Convert to Beogh  |       |     1 |       |       |       ||     1
       Recall Orcish Fol |       |       |       |    17 |    11 ||    28
       Stop Recall       |       |       |       |     7 |     8 ||    15
       Give Item to Name |       |       |       |     1 |     1 ||     2
       Smiting           |       |       |       |     4 |       ||     4
Evoke: Wand              |       |       |       |     1 |       ||     1
  Use: Scroll            |     1 |     9 |     5 |     7 |    11 ||    33
       Potion            |       |       |     5 |     1 |     1 ||     7
 Stab: Sleeping          |     2 |       |       |       |       ||     2
       Distracted        |       |       |       |     4 |     3 ||     7
       Paralysed         |       |       |       |     1 |       ||     1
  Eat: Chunk             |     2 |    12 |     7 |    11 |    16 ||    48
       Ration            |       |       |     5 |     6 |     1 ||    12
Armor: Robe              |    13 |       |       |       |       ||    13
       Ring mail         |    14 |    52 |       |       |       ||    66
       Plate armour      |       |    96 |   218 |   140 |       ||   454
       Crystal plate arm |       |       |       |   370 |   347 ||   717
       Scale mail        |       |       |       |       |     2 ||     2
Dodge: Dodged            |    81 |   121 |    97 |   180 |   128 ||   607
